[Event "Wuerttemberg Rapid Teams 2024"]
[Site "B?blingen, Germany"]
[Date "2024.04.13"]
[Round "7.24"]
[White "Siegle, Florian"]
[Black "Kaufmann, Gunther"]
[Result "1-0"]
[ECO "B40"]
[WhiteElo "1912"]
[BlackElo "1852"]
[Annotator "TA"]
[PlyCount "61"]
[EventDate "2024.04.13"]
[EventType "team-tourn"]
[SourceTitle "playchess.com"]
[Source "ChessBase"]
[SourceQuality "1"]
[TimeControl "900+5"]

1. e4 c5 2. Nf3 e6 3. Nc3 a6 4. a4 Nc6 5. Be2 g6 (5... Nf6 $11) 6. d3 (6. d4 $14) 6... Bg7 $11 7. Be3 d6 8. Qc1 {[%emt 0:00:20] The position is equal.} Nb4 (8... Nge7 $11) 9. Bd1 (9. e5 $1 $16) 9... Rb8 (9... e5 $11 {remains equal.}) 10. O-O (10. e5 $1 $16) 10... Qc7 11. h3 (11. Qd2 $14 {was preferrable.}) 11... Nf6 12. Bh6 O-O 13. Bf4 b5 ({Black should try} 13... e5 $11 14. Bg5 Be6) 14. axb5 axb5 15. e5 $1 Ne8 16. exd6 Nxd6 17. Ne4 $1 e5 18. Nxe5 $16 Nd5 {[%emt 0:00:58] [#] Strongly threatening ...Nxf4.} 19. Bh2 {[%emt 0:01:19][%cal Oe5g6] aiming for Nxg6!} Nxe4 {[%emt 0:01:58] [#]} 20. Nxg6 ({Weaker is} 20. dxe4 Bxe5 21. Bxe5 Qxe5 $11) 20... Nd6 21. Nxf8 Kxf8 22. Qg5 Bb7 23. Bf3 Ne7 (23... h6 24. Qh4 Qb6) 24. Ra7 (24. Bxb7 $142 Kg8 25. Rfe1) 24... Nec8 $2 {[%emt 0:00:12] [#]} (24... h6 25. Qh5 Nec8) 25. Rxb7 $1 $18 Rxb7 26. Bxb7 Qxb7 27. Qd8+ Ne8 28. Re1 Qc6 {[%emt 0:00:25] [#]} 29. Bc7 $1 Bf6 (29... f6 30. Qxc8) 30. Qxc8 Qxc7 31. Rxe8+ {[%emt 0:00:05] Weighted Error Value: White=0.43/Black=1.15.  Mistake:       	White=4     	Black=6      Inaccurate:     	White=1     	Black=4      OK:         	White=5     	Black=3      Best:        	White=1     	---        Strong:       	White=2     	---        Brilliant:      	White=2     	---} 1-0

[Event "Wuerttemberg Rapid Teams 2024"]
[Site "B?blingen, Germany"]
[Date "2024.04.13"]
[Round "7.25"]
[White "Kottke, Markus"]
[Black "Li, Yunqi"]
[Result "0-1"]
[ECO "E94"]
[WhiteElo "2218"]
[BlackElo "1940"]
[Annotator "RC"]
[PlyCount "86"]
[EventDate "2024.04.13"]
[EventType "team-tourn"]
[SourceTitle "playchess.com"]
[Source "ChessBase"]
[SourceQuality "1"]
[TimeControl "900+5"]

1. d4 Nf6 2. Nf3 g6 3. c4 Bg7 4. Nc3 d6 5. e4 O-O 6. Be2 Nbd7 7. O-O e5 8. d5 Nc5 9. Qc2 a5 10. Be3 b6 11. a3 Ng4 12. Bg5 f6 13. Bd2 a4 14. h3 Nh6 15. Be3 Nb3 16. Rad1 Bd7 17. Nd2 Nc5 18. Nb5 f5 19. f3 Nf7 20. b4 axb3 21. Nxb3 f4 22. Bf2 Ng5 23. Nxc5 bxc5 24. Kh1 Bxb5 25. cxb5 Rxa3 26. Qb2 Ra4 27. Ra1 Ra8 28. Ra6 Rb8 29. Qa2 Bf6 30. Ra1 Qd7 31. Kh2 h6 32. Ra7 Qc8 33. Qa5 Bd8 34. Qa4 Nh7 35. Bc4 Nf6 36. Be1 g5 37. Be2 h5 38. Qa6 Qd7 39. Ba5 Qc8 40. Ra3 g4 41. Qxc8 Rxc8 42. hxg4 hxg4 43. Rb7 Rf7 0-1

[Event "Wuerttemberg Rapid Teams 2024"]
[Site "B?blingen, Germany"]
[Date "2024.04.13"]
[Round "7.26"]
[White "Hofer, Markus"]
[Black "Bodriyenko, Markiyan"]
[Result "1-0"]
[ECO "A80"]
[WhiteElo "2047"]
[BlackElo "1728"]
[Annotator "NA RC"]
[PlyCount "85"]
[EventDate "2024.04.13"]
[EventType "team-tourn"]
[SourceTitle "playchess.com"]
[Source "ChessBase"]
[SourceQuality "1"]
[TimeControl "900+5"]

1. d4 f5 2. Nf3 Nf6 3. c4 g6 4. b3 Bg7 5. Bb2 d6 6. e3 O-O 7. Bd3 Qe8 8. Nbd2 Nbd7 9. O-O e5 10. dxe5 dxe5 11. e4 f4 12. b4 Nh5 13. c5 c6 14. Nc4 b6 15. Qb3 Kh8 16. cxb6 axb6 17. Rfd1 Qe7 18. h4 h6 19. Be2 Kh7 20. Rac1 Ba6 21. a4 Bxc4 22. Bxc4 Rad8 23. Be6 Nhf6 24. Rxc6 Nxe4 25. Rc7 Nef6 26. Nxe5 Nc5 27. Rxe7 Nxb3 28. Rxd8 Rxd8 29. Bxb3 Rd6 30. Ng4 Nh5 31. Bxg7 Nxg7 32. Ne5 h5 33. Nf7 Rd3 34. Ng5+ Kh6 35. Bc4 Rd4 36. Rc7 Rd1+ 37. Kh2 Rd2 38. f3 Rd4 39. a5 bxa5 40. bxa5 Rd1 41. a6 Ra1 42. a7 Ra3 43. Bd5 1-0

[Event "Wuerttemberg Rapid Teams 2024"]
[Site "B?blingen, Germany"]
[Date "2024.04.13"]
[Round "7.28"]
[White "Brettschneider, Karl"]
[Black "Retzlaff, Nick"]
[Result "1/2-1/2"]
[ECO "A29"]
[WhiteElo "1965"]
[BlackElo "1707"]
[Annotator "TA"]
[PlyCount "89"]
[EventDate "2024.04.13"]
[EventType "team-tourn"]
[SourceTitle "playchess.com"]
[Source "ChessBase"]
[SourceQuality "1"]
[TimeControl "900+5"]

1. c4 e5 2. Nc3 Nf6 3. g3 d5 4. cxd5 Nxd5 5. Bg2 Nxc3 6. bxc3 Bd6 7. Nf3 Nc6 8. O-O O-O 9. d4 exd4 (9... Re8 {simplifies} 10. Rb1 h6 11. dxe5 Nxe5 12. Nxe5 Bxe5 13. Qxd8 Rxd8 14. Be3 c6) 10. Nxd4 Nxd4 11. Qxd4 {[%emt 0:00:46] White is slightly better.} Be6 (11... Re8 $11 {remains equal.}) 12. Bxb7 $16 {[%emt 0:00:50] White is more active.} Rb8 13. Bg2 Re8 (13... c5 $14 14. Qa4 Qc7) 14. Rd1 (14. Qxa7 $16 Qf6 15. Be3) 14... Be5 {[%emt 0:01:10] [#]} 15. Qxd8 (15. Qa4 $1 $16 Qe7 16. Rd3 (16. Qxa7 Bxc3 17. Ba3 Qf6 $16)) 15... Rexd8 $11 {[%emt 0:00:09] The position is equal.} 16. Rxd8+ Rxd8 17. Be3 Bxc3 18. Rc1 Bb2 19. Rb1 (19. Rxc7 $2 {is the wrong capture.} Rd1+ 20. Bf1 Bh3 $19 (20... Bxa2 21. Rc8+) (20... Bxa2 21. Rc8+)) 19... Be5 20. f4 Bxa2 21. Rc1 Bd6 22. Bxa7 Be6 23. Bc5 f6 24. Bxd6 cxd6 {[%emt 0:00:06][%mdl 4096] Endgame. KRB-KRB} 25. Rc7 Rd7 26. Rxd7 Bxd7 {[%emt 0:00:02] KB-KB} 27. Bd5+ Kf8 28. e4 Ke7 29. Kf2 Be6 30. Bc6 f5 31. Ke3 fxe4 32. Kxe4 Kf6 33. Kd4 g6 34. Bf3 h5 35. Be4 Kf7 36. Bd5 Kf6 37. Bxe6 Kxe6 {[%emt 0:00:01] K3P-K3P} 38. h3 d5 39. g4 Kd6 40. f5 gxf5 41. gxf5 {[%emt 0:00:01] h4 would kill now.} h4 42. f6 Ke6 {[%emt 0:00:01] [#]} 43. f7 $1 Kxf7 {[%emt 0:00:03] ( -> ...Ke6)} (43... Ke7 44. Kxd5) 44. Kxd5 Kg6 45. Ke5 {[%emt 0:00:12] Weighted Error Value: White=0.13 (very precise) /Black=0.13 (very precise) .  Mistake:       	White=2     	Black=2      Inaccurate:     	White=3     	Black=2      OK:         	White=11    	Black=16     Best:        	White=2     	Black=2} 1/2-1/2

[Event "Wuerttemberg Rapid Teams 2024"]
[Site "B?blingen, Germany"]
[Date "2024.04.13"]
[Round "7.29"]
[White "Strathmann, Sacha"]
[Black "Schaefer, Daniel"]
[Result "1-0"]
[ECO "C78"]
[WhiteElo "2125"]
[BlackElo "1952"]
[Annotator "RC"]
[PlyCount "119"]
[EventDate "2024.04.13"]
[EventType "team-tourn"]
[SourceTitle "playchess.com"]
[Source "ChessBase"]
[SourceQuality "1"]
[TimeControl "900+5"]

1. e4 e5 2. Nf3 Nc6 3. Bb5 a6 4. Ba4 Nf6 5. d3 b5 6. Bb3 Bc5 7. O-O d6 8. h3 Na5 9. c3 Nxb3 10. axb3 h6 11. b4 Bb6 12. Na3 O-O 13. Nc2 Bb7 14. Be3 Bxe3 15. Nxe3 Re8 16. Nd2 c5 17. Qb3 Qb6 18. bxc5 Qxc5 19. c4 Rab8 20. Qc2 bxc4 21. Ndxc4 Rec8 22. Qd2 d5 23. exd5 Nxd5 24. Ra5 Qd4 25. Nf5 Qf4 26. Qxf4 Nxf4 27. Ne7+ Kf8 28. Nxc8 Rxc8 29. Nd6 Rc7 30. Nxb7 Rxb7 31. Rxe5 Nxd3 32. Ra5 Rb6 33. b3 Rxb3 34. Rxa6 Rb2 35. Rd6 Nf4 36. Rfd1 Ne6 37. Rd7 Rc2 38. Ra7 Rc7 39. Rxc7 Nxc7 40. Rd7 Ne6 41. Ra7 g6 42. g3 h5 43. f4 Kg7 44. Kg2 h4 45. Ra5 hxg3 46. Kxg3 Kf6 47. h4 Nd4 48. Kg4 Ne6 49. h5 gxh5+ 50. Rxh5 Ke7 51. Ra5 Kf6 52. Ra6 Kg7 53. f5 Nf8 54. Kf4 Nd7 55. Rd6 Nf6 56. Rd1 Ne8 57. Ke5 Kf8 58. f6 Nc7 59. Rd8+ Ne8 60. Ra8 1-0

[Event "Wuerttemberg Rapid Teams 2024"]
[Site "B?blingen, Germany"]
[Date "2024.04.13"]
[Round "7.30"]
[White "Lahouel, Kim-Luca"]
[Black "Baur, Frank"]
[Result "0-1"]
[ECO "B22"]
[WhiteElo "1970"]
[BlackElo "2050"]
[Annotator "RC"]
[PlyCount "70"]
[EventDate "2024.04.13"]
[EventType "team-tourn"]
[SourceTitle "playchess.com"]
[Source "ChessBase"]
[SourceQuality "1"]
[TimeControl "900+5"]

1. e4 c5 2. c3 Nf6 3. e5 Nd5 4. d4 cxd4 5. Nf3 Nc6 6. cxd4 d6 7. Bc4 Nb6 8. Bb5 Bd7 9. Nc3 e6 10. O-O Be7 11. Qe2 a6 12. Bd3 dxe5 13. dxe5 Nb4 14. Bb1 Qc7 15. Nd4 N6d5 16. Bd2 Bc5 17. Nf3 Nxc3 18. bxc3 Bb5 19. c4 Bxc4 20. Qe4 Bxf1 21. Bxb4 Bxb4 22. Qxb4 Bb5 23. Be4 Rc8 24. h3 Qe7 25. Qd2 O-O 26. Qf4 f5 27. exf6 Qxf6 28. Qxf6 gxf6 29. Nd4 Kf7 30. Bxb7 Rc7 31. Nxb5 axb5 32. Ba6 Rc5 33. Rb1 Rb8 34. a3 Rb6 35. a4 Rxa6 0-1

[Event "Wuerttemberg Rapid Teams 2024"]
[Site "B?blingen, Germany"]
[Date "2024.04.13"]
[Round "7.31"]
[White "Schmid, Tim"]
[Black "Mikeler, Marcel"]
[Result "1/2-1/2"]
[ECO "C95"]
[WhiteElo "1765"]
[BlackElo "1945"]
[Annotator "TA"]
[PlyCount "119"]
[EventDate "2024.04.13"]
[EventType "team-tourn"]
[SourceTitle "playchess.com"]
[Source "ChessBase"]
[SourceQuality "1"]
[TimeControl "900+5"]

1. e4 e5 2. Nf3 Nc6 3. Bb5 a6 4. Ba4 Nf6 5. O-O b5 6. Bb3 d6 7. Re1 Be7 8. c3 O-O 9. h3 Nb8 10. d4 Nbd7 11. Nbd2 Bb7 12. Bc2 Re8 13. Nf1 Bf8 14. Ng3 g6 15. b3 Bg7 16. Rb1 c5 (16... d5 $11) 17. d5 $14 Qc7 18. c4 {[%emt 0:00:52] White is slightly better.} Nb6 19. Bd3 Qd7 20. Bd2 Rab8 21. Qc1 Bc8 22. Bh6 Bh8 23. Qg5 Na8 (23... bxc4 $142 24. bxc4 Qd8) 24. h4 {[%emt 0:01:15] White is much more active.} (24. Nh4 $16) 24... Qd8 25. Kf1 (25. Nh2 {feels hotter.} Bg7 26. h5 Nc7 27. Bxg7 Kxg7 28. Be2) 25... Ng4 (25... Bg7 {is more complex.} 26. Bxg7 Kxg7 27. b4 cxb4 28. Rxb4 Nc7) 26. Qxd8 Rxd8 27. Bg5 Re8 28. h5 h6 (28... Bd7 $11) 29. Bd2 $16 Bd7 30. Kg1 Bf6 31. Nh2 Kg7 32. b4 (32. hxg6 $16 fxg6 33. Nxg4 Bxg4 34. a4) 32... Nxh2 $11 33. Kxh2 (33. bxc5 {looks sharper.} Ng4 34. c6 Bc8 35. a4) 33... Be7 34. hxg6 fxg6 35. bxc5 dxc5 36. Rh1 Bd6 37. Kg1 Rh8 38. Bc3 b4 39. Ba1 Rhf8 40. Bb2 a5 (40... Nb6 $11) 41. Bc1 Rh8 42. Bb2 Rbf8 (42... Rhf8 $11) 43. Rf1 $14 Rf4 (43... Re8 $14) 44. Bc1 (44. Ne2 $16 Rf6 45. f4) 44... Rf7 45. Ne2 ({Better is} 45. f4 $14) 45... g5 (45... Nb6 $11) 46. f3 a4 47. Bb2 (47. Ng3 $16) 47... Kg6 48. Bc2 Nc7 (48... Nb6 $11 {keeps the balance.} 49. Bd3 a3) 49. Bd1 (49. f4 $16 Rhf8 50. f5+ (50. Bxe5 $2 {perishes.} Bxe5 51. Rf3 gxf4 $19) 50... Kg7 51. Ng3) 49... Rb8 (49... Na8 $11) 50. g4 Ne8 51. Ng3 Ng7 52. Nf5 Nxf5 53. exf5+ Kg7 54. Re1 Re7 {[%emt 0:00:13][%mdl 8192] [#]} (54... Rff8 $16) 55. Rh5 $2 (55. f6+ $18 {is the precise move to win.} Kxf6 56. Rxh6+ Kf7 57. Rxd6) 55... Be8 56. Rh2 (56. f6+ Kxf6 57. Rxh6+ Bg6) 56... Bd7 $2 (56... a3 $16 57. Bc1 Bf7) 57. Rhe2 $2 ({White has to play} 57. f6+ $18 Kxf6 58. Rxh6+ Kf7 59. Rxd6) 57... Rbe8 ({Black should play} 57... Kf6 $11) 58. Bc2 a3 {[%emt 0:00:04] [#]} 59. Ba1 Bc8 60. Bb3 {[%emt 0:00:03] Weighted Error Value: White=0.44/Black=0.45.  Loses game:     	---       	Black=2      Missed win:     	White=2     	---        Mistake:       	White=7     	Black=10     Inaccurate:     	White=9     	Black=9      OK:         	White=9     	Black=8      Best:        	White=2     	Black=1} (60. Rh2 $16 Rh8 61. Kf2) 1/2-1/2

[Event "Wuerttemberg Rapid Teams 2024"]
[Site "B?blingen, Germany"]
[Date "2024.04.13"]
[Round "7.33"]
[White "Kulm, Justin"]
[Black "Koeller, Horst"]
[Result "0-1"]
[ECO "D00"]
[WhiteElo "1963"]
[BlackElo "1831"]
[Annotator "TA"]
[PlyCount "72"]
[EventDate "2024.04.13"]
[EventType "team-tourn"]
[SourceTitle "playchess.com"]
[Source "ChessBase"]
[SourceQuality "1"]
[TimeControl "900+5"]

1. d4 Nf6 2. Nc3 d5 3. Bf4 a6 4. e3 e6 5. f3 c5 6. Nge2 Nc6 7. g4 b5 8. Bg2 {[%emt 0:00:15] Black is slightly better.} cxd4 9. exd4 Bd6 10. Be3 (10. a3 $15) 10... Qc7 11. h4 Bg3+ 12. Bf2 Bxf2+ 13. Kxf2 Qb6 14. Kg3 (14. Qd2 $15) 14... Bb7 (14... h5 $142 15. Qd2 O-O 16. gxh5 Nxh5+ 17. Kf2 b4) 15. h5 h6 16. Qg1 O-O-O 17. a4 b4 18. Nd1 g6 {[%emt 0:00:24] Black is much more active.} 19. hxg6 fxg6 20. c3 (20. Qe3 $15) 20... g5 $17 21. Qe3 Rde8 22. cxb4 {[%emt 0:00:50][%cal Ob4b5] [#]} Qxb4 (22... e5 $1 $17 23. Qd2 (23. dxe5 $2 d4 $17) 23... Nxd4 (23... exd4 24. b5 $11) 24. Nxd4 exd4) 23. Qc3 Qd6+ 24. Kf2 Ref8 {[%emt 0:00:00] Strongly threatening ...Ne4+.} 25. Ke1 Kb8 26. Rb1 ({White should try} 26. Ra3 $15) 26... e5 ({Better is} 26... Nb4 $17 {Hoping for ...a5.} 27. Qd2 a5) 27. Kd2 $2 {[%emt 0:01:22][%mdl 8192] [#] Now White is beyond hope.} ({White has to play} 27. Ne3 $15) 27... Rc8 28. Qc5 Qxc5 29. dxc5 Nb4 30. Ndc3 (30. Ne3 {might work better.}) 30... Rxc5 {[%emt 0:00:09] And now ...d4 would win.} 31. Ng3 (31. Rbc1 $142) 31... d4 $19 32. f4 Bxg2 33. Rh2 gxf4 34. Rxg2 fxg3 35. Rxg3 dxc3+ 36. bxc3 Ne4+ {[%emt 0:00:00] Weighted Error Value: White=1.10/Black=0.37.  Loses game:     	White=1     	---        Mistake:       	White=6     	Black=3      Inaccurate:     	White=3     	Black=5      OK:         	White=5     	Black=9      Best:        	White=3     	Black=1} 0-1

[Event "Wuerttemberg Rapid Teams 2024"]
[Site "B?blingen, Germany"]
[Date "2024.04.13"]
[Round "7.34"]
[White "Bueble, Joschua"]
[Black "Lessmeister, Patrick"]
[Result "0-1"]
[ECO "A57"]
[WhiteElo "1972"]
[BlackElo "1834"]
[Annotator "TA"]
[PlyCount "88"]
[EventDate "2024.04.13"]
[EventType "team-tourn"]
[SourceTitle "playchess.com"]
[Source "ChessBase"]
[SourceQuality "1"]
[TimeControl "900+5"]

1. d4 Nf6 2. c4 c5 3. d5 b5 4. cxb5 a6 5. f3 axb5 6. e4 d6 (6... Qa5+ $11 {remains equal.} 7. b4 cxb4 (7... Qxb4+ 8. Bd2 $11)) 7. Bxb5+ $16 Nbd7 (7... Bd7 $142) 8. Ne2 g6 9. Nec3 {[%emt 0:00:07] White is better.} Bg7 10. a4 O-O 11. O-O Ba6 12. Na3 Ne8 13. Qc2 Nc7 14. Be3 f5 15. Rab1 fxe4 16. fxe4 Rxf1+ 17. Rxf1 Nxb5 18. Naxb5 (18. Ncxb5 $16 Ne5 19. b3) 18... Ne5 19. b3 Rc8 20. Bf4 (20. Kh1 $11) 20... Qd7 {[%emt 0:00:23][%mdl 1024] Black has compensation.} 21. Qe2 Rb8 22. Qe3 Rc8 23. h3 c4 {[%emt 0:00:41] [#]} (23... Rf8 $11 {keeps the balance.}) 24. Bxe5 (24. b4 $1 $16 {Black must now prevent Na7.} Bxb5 25. Nxb5) 24... Bxe5 $11 25. b4 Bxb5 26. Nxb5 {[%emt 0:00:14] Na7 is the strong threat.} c3 $2 {[%emt 0:00:29] [#]} (26... Ra8 $11) 27. Rc1 $4 (27. Na7 $1 $18 ) 27... Rc4 $19 28. Qd3 Qc8 (28... Rxb4 $19 {...Qc8 would now be deadly.} 29. Nxc3 Qa7+ 30. Kh1 Rb3) 29. a5 $2 (29. Na7 $1 $11 Qa6 30. Kf1) 29... Rxb4 {[%emt 0:00:16] Hoping for ...Qc5+.} 30. Na3 {[%emt 0:00:26] White is weak on the dark squares} Qc5+ 31. Kh1 Rd4 ({Less strong is} 31... Qxa5 32. Nc4 Rxc4 33. Qxc4 $11) (31... Ra4 $19 {is more deadly.} 32. Nc2 Rxa5) 32. Qb5 $17 Qxa3 $2 $40 {[%emt 0:00:11][%mdl 128] Black attacks.} (32... Rxe4 $17 33. Qxc5 dxc5) 33. Qe8+ $11 Kg7 34. Qxe7+ Kh6 35. Qh4+ Kg7 36. Qe7+ Kh6 37. Qf8+ $2 (37. Qh4+ $11 Kg7 38. Qe7+) 37... Bg7 $19 38. Qf4+ g5 39. Qe3 Be5 (39... Rxe4 $142 40. Qg1 Qxa5) 40. h4 Bf4 $1 {[%emt 0:00:04] Black mates.} ({Worse is} 40... Qxa5 41. Qxg5#) 41. hxg5+ Kxg5 42. Qxd4 Qxc1+ 43. Qg1 Qxg1+ 44. Kxg1 c2 {[%emt 0:00:02] Weighted Error Value: White=1.07/Black=0.53.  Loses game:     	White=2     	Black=1      Missed win:     	White=1     	Black=1      Mistake:       	White=3     	Black=4      Inaccurate:     	White=4     	Black=3      OK:         	White=3     	Black=8      Best:        	White=5     	Black=4} 0-1

[Event "Wuerttemberg Rapid Teams 2024"]
[Site "B?blingen, Germany"]
[Date "2024.04.13"]
[Round "7.35"]
[White "Schraegle, Thorsten"]
[Black "Mi Plaza, Luis Leo Manuel"]
[Result "0-1"]
[ECO "A17"]
[WhiteElo "1918"]
[BlackElo "1413"]
[Annotator "TA"]
[PlyCount "128"]
[EventDate "2024.04.13"]
[EventType "team-tourn"]
[SourceTitle "playchess.com"]
[Source "ChessBase"]
[SourceQuality "1"]
[TimeControl "900+5"]

1. c4 e6 2. Nc3 d5 3. e3 Nf6 4. cxd5 exd5 5. Nge2 c6 6. g3 Bd6 7. Bg2 O-O 8. O-O Bf5 9. d3 Nbd7 (9... Re8 $11) 10. e4 $14 Be6 11. f4 {[%emt 0:00:22] [#] Hoping for f5.} dxe4 12. dxe4 Bc5+ 13. Nd4 $2 {[%emt 0:00:33] Black continues to play with concentration.} (13. Kh1 $11 {and White is okay.}) 13... Qb6 $19 14. Be3 (14. Na4 {was called for.} Bxd4+ 15. Kh1) 14... Ng4 ({Weaker is} 14... Qxb2 15. Na4 Qa3 16. Re1 $15) 15. Na4 Nxe3 16. Nxb6 Nxd1 17. Nxd7 Bxd4+ {[%emt 0:00:03] A strong pair of Bishops.} 18. Kh1 Bxd7 19. Raxd1 c5 20. e5 Bc6 21. Bxc6 bxc6 22. b4 Rfd8 23. bxc5 Bxc5 24. Rc1 Rd5 25. Rc2 Rad8 26. Rfc1 Rd1+ 27. Rxd1 Rxd1+ {[%emt 0:00:01][%mdl 4096] Endgame. KRB-KR} 28. Kg2 Rd5 29. Kf3 Kf8 30. Ke4 Ke7 31. f5 Rd4+ 32. Kf3 Rd5 33. Ke4 Kd7 34. g4 Rd4+ 35. Kf3 Bb6 36. Re2 c5 37. e6+ fxe6 38. fxe6+ Ke7 39. h4 Rd6 40. g5 Rxe6 41. Rd2 c4 42. Rc2 Re3+ 43. Kg2 c3 44. Kf1 Kd6 45. h5 Ke5 {[%emt 0:00:04] ( -> ...Ke4)} 46. Re2 Rxe2 {[%emt 0:00:07] Black mates.} 47. Kxe2 {[%emt 0:00:03] KB-K3P} Kf5 48. h6 gxh6 (48... Kxg5 $2 {loses.} 49. hxg7 h6 50. g8=Q+ $18 (50. g8=R+ Kf4 $14)) 49. gxh6 {[%emt 0:00:02] KB-KPP} Kg6 50. Kd3 {[%emt 0:00:00] [#]} Bd4 $1 51. Kc2 (51. Ke2 Kxh6) 51... Kxh6 {[%emt 0:00:01] KB-KP} 52. Kc1 Kg5 53. Kc2 h5 54. Kc1 h4 55. Kc2 h3 56. Kc1 h2 57. Kc2 h1=Q 58. Kd3 Qd1+ 59. Kc4 c2 60. Kb5 c1=Q 61. Kb4 Qb2+ 62. Kc4 Qc3+ 63. Kd5 Bg1+ 64. Ke4 Qdf3# {[%emt 0:00:08] Weighted Error Value: White=0.43/Black=0.23 (precise) .  Loses game:     	White=1     	---        Mistake:       	White=1     	Black=1      Inaccurate:     	White=1     	---        OK:         	White=8     	Black=17     Best:        	White=3     	Black=3} 0-1

[Event "Wuerttemberg Rapid Teams 2024"]
[Site "B?blingen, Germany"]
[Date "2024.04.13"]
[Round "7.40"]
[White "Merkel, Philip"]
[Black "Ameln, Till"]
[Result "1-0"]
[ECO "B13"]
[WhiteElo "1726"]
[BlackElo "1887"]
[Annotator "NA RC COMBH"]
[PlyCount "83"]
[EventDate "2024.04.13"]
[EventType "team-tourn"]
[SourceTitle "playchess.com"]
[Source "ChessBase"]
[SourceQuality "1"]
[TimeControl "900+5"]

1. e4 c6 2. d4 d5 3. exd5 cxd5 4. Bd3 Nc6 5. c3 Nf6 6. Bf4 Bg4 7. Qb3 Qd7 8. Nd2 e6 9. Ngf3 Bxf3 10. Nxf3 Be7 11. O-O O-O 12. Rfe1 a6 13. a4 Na5 14. Qc2 Nc4 15. Ne5 Nxe5 16. dxe5 g6 17. exf6 Bxf6 18. Be5 Bxe5 19. Rxe5 Rac8 20. Qd2 Qd6 21. Re2 Rfd8 22. Rd1 d4 23. cxd4 Qxd4 24. g3 Qxd3 25. Qxd3 Rxd3 26. Rxd3 Rc1+ 27. Kg2 Rc4 28. b3 Rc7 29. Red2 b5 30. Rd7 Rc3 31. axb5 axb5 32. R2d3 Rc5 33. Rb7 Kg7 34. Rdd7 Rf5 35. g4 Rf4 36. Kg3 e5 37. Rxb5 Re4 38. f3 Re3 39. Rbb7 h5 40. Rxf7+ Kh6 41. h4 g5 42. Rb6# 1-0

[Event "Wuerttemberg Rapid Teams 2024"]
[Site "B?blingen, Germany"]
[Date "2024.04.13"]
[Round "8.1"]
[White "Koelle, Tobias"]
[Black "Braeuning, Rudolf Wilhelm"]
[Result "0-1"]
[ECO "B22"]
[WhiteElo "2467"]
[BlackElo "2194"]
[Annotator "RC"]
[PlyCount "78"]
[EventDate "2024.04.13"]
[EventType "team-tourn"]
[SourceTitle "playchess.com"]
[Source "ChessBase"]
[SourceQuality "1"]
[TimeControl "900+5"]

1. e4 c5 2. c3 Nf6 3. e5 Nd5 4. d4 cxd4 5. Nf3 Nc6 6. Bc4 Nb6 7. Bb3 d5 8. exd6 Qxd6 9. O-O Be6 10. Na3 Bxb3 11. Qxb3 e6 12. Rd1 Be7 13. Nb5 Qb8 14. g3 Qc8 15. Bf4 Nd5 16. Nd6+ Bxd6 17. Bxd6 Qd7 18. Bc5 dxc3 19. bxc3 Na5 20. Qa3 Nc4 21. Qb3 Na5 22. Qa3 b6 23. Ne5 Qb5 24. Bb4 Nc4 25. Nxc4 Qxc4 26. Rd4 Qc6 27. Rad1 a5 28. Bd6 Nxc3 29. Re1 Nb5 30. Qd3 Nxd4 31. Qxd4 O-O-O 32. Qxg7 Qxd6 33. Qxf7 Rd7 34. Qf6 Rf8 35. Qb2 Kb7 36. Qb3 Qd5 37. Qa3 Rxf2 38. Kxf2 Qd2+ 39. Re2 Rf7+ 0-1

[Event "Wuerttemberg Rapid Teams 2024"]
[Site "B?blingen, Germany"]
[Date "2024.04.13"]
[Round "8.2"]
[White "Deuer, Marius"]
[Black "Hartmann, Martin"]
[Result "1-0"]
[ECO "A62"]
[WhiteElo "2439"]
[BlackElo "2158"]
[Annotator "RC"]
[PlyCount "151"]
[EventDate "2024.04.13"]
[EventType "team-tourn"]
[SourceTitle "playchess.com"]
[Source "ChessBase"]
[SourceQuality "1"]
[TimeControl "900+5"]

1. d4 Nf6 2. c4 e6 3. Nc3 c5 4. d5 exd5 5. cxd5 d6 6. g3 g6 7. Bg2 Bg7 8. Nf3 O-O 9. O-O Na6 10. Bf4 Nc7 11. e4 Re8 12. Re1 Bg4 13. h3 Bxf3 14. Bxf3 Qd7 15. a4 a6 16. e5 dxe5 17. Bxe5 Rad8 18. Qb3 b5 19. Bxc7 c4 20. Qb4 Qxc7 21. axb5 Rxe1+ 22. Rxe1 Bf8 23. b6 Qxg3+ 24. fxg3 Bxb4 25. b7 Bd6 26. Ra1 Bxg3 27. Rxa6 Nd7 28. Rc6 Kf8 29. d6 Ke8 30. Nd5 Be5 31. Kg2 Nb8 32. Rxc4 Bxd6 33. b4 f5 34. b5 Kd7 35. Nb6+ Ke7 36. Rc8 Nd7 37. Nd5+ Ke8 38. b6 Nb8 39. Be2 Be7 40. Bb5+ Kf7 41. Rc7 Rxd5 42. Bc4 Ke6 43. Bxd5+ Kxd5 44. Rxe7 Kc6 45. Rxh7 Kxb6 46. h4 Nc6 47. Kf3 Ka7 48. Kf4 Nd4 49. Re7 Kb8 50. Rd7 Ne6+ 51. Ke5 Nc5 52. Rg7 f4 53. Rxg6 f3 54. Kd4 f2 55. Rf6 Ne6+ 56. Ke3 Kxb7 57. Kxf2 Nc5 58. Kf3 Kc7 59. h5 Nd7 60. Rf5 Kd6 61. h6 Ke6 62. h7 Kxf5 63. h8=Q Nf6 64. Qc8+ Ke5 65. Qc5+ Ke6 66. Kf4 Nd5+ 67. Ke4 Nf6+ 68. Kd4 Nd7 69. Qc6+ Ke7 70. Kd5 Nf6+ 71. Ke5 Nd7+ 72. Kf5 Nf8 73. Qf6+ Ke8 74. Qg7 Nd7 75. Ke6 Nf8+ 76. Kd6 1-0